 Dungeon Crawl Stone Soup version 0.28-a0-397-g1a7b1a870f (webtiles) character file.

Game seed: 5525454473731775789

515 Gargoyl the Skirmisher (level 7, -2/54 HPs)
             Began as a Gnoll Abyssal Knight on Sept 4, 2021.
             Was a Believer of Lugonu.
             Slain by Duvessa (4 damage)
             ... on level 5 of the Dungeon.
             The game lasted 00:04:26 (3663 turns).

Gargoyl the Skirmisher (Gnoll Abyssal Knight)       Turns: 3663, Time: 00:04:27

Health: -2/54      AC: 17    Str: 14    XL:     7   Next: 20%
Magic:  10/10      EV:  5    Int: 11    God:    Lugonu [**....]
Gold:   100        SH:  0    Dex: 11    Spells: 10/10 levels left

rFire   + . .      SeeInvis .   a - +1 hand axe
rCold   . . .      Faith    .   (no shield)
rNeg    . . .      Spirit   .   c - +1 plate armour
rPois   .          Reflect  .   (no helmet)
rElec   .          Harm     .   (no cloak)
rCorr   .          Rampage  .   (no gloves)
Will    .....                   (no boots)
Stlth   ..........              (no amulet)
HPRegen 0.18/turn               f - +4 ring of protection
MPRegen 0.12/turn               (no ring)

@: mighty, flying
A: fangs 1, strong nose, distributed training, fire resistance 1, frail 1,
subdued magic 1
a: Renounce Religion, Depart the Abyss, Bend Space


You were on level 5 of the Dungeon.
You worshipped Lugonu.
Lugonu was pleased with you.
You visited 1 branch of the dungeon, and saw 5 of its levels.
You visited the Abyss 1 time.

You collected 100 gold pieces.

Inventory:

Hand Weapons
 a - a +1 hand axe (weapon)
Missiles
 e - 5 poisoned darts (quivered)
Armour
 c - a +1 plate armour (worn)
Jewellery
 f - a +4 ring of protection (left hand)
Potions
 h - a potion of might


   Skills:
 + Level 7.0 Fighting
 + Level 2.3 Short Blades
 + Level 2.3 Long Blades
 + Level 5.1 Axes
 + Level 2.3 Maces & Flails
 + Level 2.3 Polearms
 + Level 2.3 Staves
 + Level 2.3 Slings
 + Level 2.3 Bows
 + Level 2.3 Crossbows
 + Level 2.3 Throwing
 + Level 5.1 Armour
 + Level 3.5 Dodging
 + Level 2.3 Stealth
 + Level 2.3 Shields
 + Level 2.3 Unarmed Combat
 + Level 2.3 Spellcasting
 + Level 1.9 Conjurations
 + Level 1.9 Hexes
 + Level 1.9 Summonings
 + Level 1.9 Necromancy
 + Level 1.9 Translocations
 + Level 1.9 Transmutations
 + Level 1.9 Fire Magic
 + Level 1.9 Ice Magic
 + Level 1.9 Air Magic
 + Level 1.9 Earth Magic
 + Level 1.9 Poison Magic
 + Level 5.3 Invocations
 + Level 2.3 Evocations


You had 10 spell levels left.
You didn't know any spells.
Your spell library contained the following spells:

 Spells                   Type           Power      Damage    Failure   Level
 Animate Skeleton         Necr           8%         N/A       100%        1
 Magic Dart               Conj           16%        1d3       100%        1
 Pain                     Necr           16%        1d4       100%        1
 Call Imp                 Summ           4%         N/A       100%        2
 Mephitic Cloud           Conj/Pois/Air  4%         N/A       100%        3
 Vampiric Draining        Necr           2%         2d6       100%        3


Dungeon Overview and Level Annotations

Branches:
Dungeon (5/15)
 Temple: D:4-7

Altars:
Okawaru

Annotations:
D:5 Duvessa


Innate Abilities, Weirdness & Mutations

You have very sharp teeth.
Your uncanny sense of smell can sniff out nearby items.
Your experience applies equally to all skills.
Your flesh is heat resistant. (rF+)
You are frail. (-10% HP)
Your spells are a little easier to cast, but a little less powerful.


Message History

Dowan smirks and points a slender finger.
Dowan hits you with a +0 dagger. Duvessa hits you but does no damage.
Unknown command.
You hit Duvessa.
Duvessa is heavily wounded.
You hit the orc but do no damage. You slash Dowan!
Dowan hits you but does no damage. The orc hits you with a +0 short sword.
* * * LOW HITPOINT WARNING * * *
Duvessa hits you but does no damage.
Unknown command.
You hit Duvessa.
Duvessa is severely wounded.
You slash Dowan!
You kill Dowan!
Lugonu accepts your kill.
Duvessa screams in rage.
Duvessa goes berserk!
You hit the orc. Duvessa hits you with a +0 short sword.
* * * LOW HITPOINT WARNING * * *
An ogre comes into view. It is wielding a +0 giant spiked club.
The orc hits you with a +0 short sword.
* * * LOW HITPOINT WARNING * * *
Your Fighting skill increases to level 7!
You feel better. Duvessa hits you with a +0 short sword!
* * * LOW HITPOINT WARNING * * *
The orc hits you but does no damage. Duvessa barely misses you.
Something hits you but does no damage.
You hit Duvessa.
Duvessa is severely wounded.
You miss something. You hit the orc. Duvessa hits you with a +0 short sword.
* * * LOW HITPOINT WARNING * * *
The orc barely misses you. Something hits you but does no damage.
Unknown command.
You hit Duvessa but do no damage. You punch Duvessa!
You bite Duvessa, but do no damage.
Duvessa is almost dead.
You hit something. You slash the orc!
You kill the orc!
Lugonu accepts your kill.
You hit the orc. Duvessa hits you with a +0 short sword.
You die...

#.....#
#.....#
#.....#
#.....+
#.....#
#.....#
#.....#
+..<..#
#..@e.# ∆
#.o)).#
#.....#
##...>..
#......O
#.........
#.........
#.........


You could see Duvessa (berserk), an ogre and an orc.

Vanquished Creatures
  Sigmund (D:2)
  A necrophage (D:5)
  Dowan (D:5)
  A jelly (D:3)
  An orc wizard (D:3)
  5 adders
  2 gnolls
  3 worms (D:2)
  2 dart slugs (D:2)
  11 orcs
  6 bats
  7 endoplasms
  A giant cockroach (D:2)
  4 goblins
  4 hobgoblins
  7 jackals
  2 quokkas (D:1)
  3 ball pythons
  2 frilled lizards
  4 kobolds
  7 rats
75 creatures vanquished.

Notes
Turn   | Place    | Note
-------+----------+-------------------------------------------
     0 | Abyss:1  | Gargoyl the Gnoll Abyssal Knight began the quest for the
                  | Orb.
     0 | Abyss:1  | Reached XP level 1. HP: 23/23 MP: 3/3
     8 | Abyss:2  | Noticed a large abomination
    16 | D:1      | Escaped the Abyss
   126 | D:1      | Reached * piety under Lugonu
   176 | D:1      | Reached XP level 2. HP: 29/29 MP: 5/5
   658 | D:1      | Found a faded altar of an unknown god.
   952 | D:1      | Reached XP level 3. HP: 33/35 MP: 6/6
  1286 | D:2      | Noticed Sigmund
  1355 | D:2      | Killed Sigmund
  1356 | D:2      | Reached skill level 1 in Short Blades
  1356 | D:2      | Reached skill level 1 in Long Blades
  1356 | D:2      | Reached skill level 1 in Maces & Flails
  1356 | D:2      | Reached skill level 1 in Polearms
  1356 | D:2      | Reached skill level 1 in Staves
  1356 | D:2      | Reached skill level 1 in Slings
  1356 | D:2      | Reached skill level 1 in Bows
  1356 | D:2      | Reached skill level 1 in Crossbows
  1356 | D:2      | Reached skill level 1 in Throwing
  1356 | D:2      | Reached skill level 1 in Stealth
  1356 | D:2      | Reached skill level 1 in Shields
  1356 | D:2      | Reached skill level 1 in Unarmed Combat
  1356 | D:2      | Reached skill level 1 in Spellcasting
  1356 | D:2      | Reached skill level 1 in Conjurations
  1356 | D:2      | Reached skill level 1 in Hexes
  1356 | D:2      | Reached skill level 1 in Summonings
  1356 | D:2      | Reached skill level 1 in Necromancy
  1356 | D:2      | Reached skill level 1 in Translocations
  1356 | D:2      | Reached skill level 1 in Transmutations
  1356 | D:2      | Reached skill level 1 in Fire Magic
  1356 | D:2      | Reached skill level 1 in Ice Magic
  1356 | D:2      | Reached skill level 1 in Air Magic
  1356 | D:2      | Reached skill level 1 in Earth Magic
  1356 | D:2      | Reached skill level 1 in Poison Magic
  1356 | D:2      | Reached skill level 1 in Evocations
  1356 | D:2      | Reached XP level 4. HP: 34/41 MP: 7/7
  1356 | D:2      | Reached XP level 5. HP: 40/47 MP: 8/8
  1525 | D:2      | Reached skill level 5 in Invocations
  1569 | D:2      | Reached XP level 6. HP: 42/53 MP: 9/9
  1736 | D:2      | Reached ** piety under Lugonu
  2208 | D:2      | Found an iron altar of Okawaru.
  2431 | D:3      | Reached skill level 5 in Axes
  2431 | D:3      | Reached skill level 5 in Armour
  3627 | D:4      | Noticed an orc warrior
  3648 | D:5      | Entered Level 5 of the Dungeon
  3648 | D:5      | Noticed Duvessa
  3649 | D:5      | Gained mutation: Your spells are a little easier to cast,
                  | but a little less powerful. [potion of mutation]
  3649 | D:5      | Gained mutation: You are frail. (-10% HP) [potion of
                  | mutation]
  3649 | D:5      | Gained mutation: Your flesh is heat resistant. (rF+)
                  | [potion of mutation]
  3649 | D:5      | Noticed a necrophage
  3651 | D:5      | Noticed Dowan
  3657 | D:5      | Killed a necrophage
  3658 | D:5      | Reached XP level 7. HP: 18/53 MP: 10/10
  3660 | D:5      | Killed Dowan
  3661 | D:5      | Reached skill level 7 in Fighting
  3662 | D:5      | HP: 2/54 [Duvessa (5)]
  3663 | D:5      | Slain by Duvessa

Illustrated notes

Levels and vault maps discovered:
D:1:      shiori_arrival_maze, layout_basic,
          chequers_ecumenical_altar_simple_redux, grunt_decor_junction
D:2:      layout_basic, basic_altar, minmay_tall_x, uniq_sigmund
D:3:      layout_loops_corners
D:4:      layout_loops_ring, minmay_temple_entry_glass, minmay_misc_feat_x,
          grunt_ministairs_14, uniq_natasha
D:5:      layout_gridville, trog_ov_bears_minmay, uniq_duvessa, uniq_ijyb,
          uniq_eustachio

Skill      XL: |  1  2  3  4  5  6  7 |
---------------+----------------------+-----
Short Blades   | 1 2 |  2.3
Long Blades    | 1 2 |  2.3
Maces & Flails | 1 2 |  2.3
Polearms       | 1 2 |  2.3
Staves         | 1 2 |  2.3
Slings         | 1 2 |  2.3
Bows           | 1 2 |  2.3
Crossbows      | 1 2 |  2.3
Throwing       | 1 2 |  2.3
Dodging        | 3 |  3.5
Stealth        | 1 2 |  2.3
Shields        | 1 2 |  2.3
Unarmed Combat | 1 2 |  2.3
Spellcasting   | 1 2 |  2.3
Conjurations   | 1 |  1.9
Hexes          | 1 |  1.9
Summonings     | 1 |  1.9
Necromancy     | 1 |  1.9
Translocations | 1 |  1.9
Transmutations | 1 |  1.9
Fire Magic     | 1 |  1.9
Ice Magic      | 1 |  1.9
Air Magic      | 1 |  1.9
Earth Magic    | 1 |  1.9
Poison Magic   | 1 |  1.9
Evocations     | 1 2 |  2.3
Invocations    | 5 |  5.3
Axes           | 5 |  5.1
Armour         | 5 |  5.1
Fighting       | 7 |  7.0

Action                   |  1- 3 |  4- 6 |  7- 9 || total
-------------------------+-------+-------+-------++-------
Melee: Hand axe          |    85 |   224 |     5 ||   314
       Bite              |     5 |    25 |     1 ||    31
       Punch             |       |       |     1 ||     1
Invok: Depart the Abyss  |     1 |       |       ||     1
       Bend Space        |       |     1 |       ||     1
  Use: Scroll            |     2 |     2 |       ||     4
       Potion            |     1 |     4 |     1 ||     6
Armor: Plate armour      |    76 |   161 |     6 ||   243
       Skin              |    52 |       |       ||    52
Dodge: Dodged            |    17 |    43 |     2 ||    62

Table legend: (Time is in decaauts)
 A = Elapsed time spent in this place.
 B = Non-inter-level travel time spent in this place.
 C = Inter-level travel time spent in this place.
 D = Time resting spent in this place.
 E = Time spent auto-exploring this place.
 F = Levels seen in this place.
 G = Mean time per level.
                   A        B        C        D        E       F      G
               +--------+--------+--------+--------+--------+-----+--------+
         Total |   3681 |   3639 |     42 |    272 |   2573 |   7 |  525.9 |
       Dungeon |   3665 |   3623 |     42 |    272 |   2570 |   5 |  733.0 |
         Abyss |     15 |     15 |      0 |      0 |      3 |   2 |    7.5 |
               +--------+--------+--------+--------+--------+-----+--------+

Top non-repeatable levels by time:
     D:1: 1319 daAuts
     D:3: 1281 daAuts
     D:2: 967 daAuts
     D:4: 83 daAuts
     D:5: 15 daAuts
 Abyss:2: 11 daAuts
 Abyss:1: 4 daAuts
